[Event "Titled Tuesday Blitz March 07 Late 2023"]
[White "Torres Dominguez, David"]
[Black "Dragomirescu, Angela"]
[WhiteFideId "2220857"]
[BlackFideId "1209914"]
[WhiteElo "1999"]
[BlackElo "2171"]
[Result "1-0"]
[Round "07"]
[TimeControl "180+2"]
[Date "2023.03.07"]
[WhiteClock "0:00:06"]
[BlackClock "0:00:22"]

1. e4 e5 2. Bc4 Nf6 3. Nc3 Bc5 4. d3 d6 5. f4 Ng4 6. f5 Nf6 7. Qf3 c6 8. Nge2 a5 9. a4 h5 10. Be3 Qb6 11. Bxc5 Qxc5 12. h3 Bd7 13. Bb3 Na6 14. O-O-O O-O-O 15. Bxf7 b5 16. Bb3 b4 17. Nb1 d5 18. Nd2 Qd6 19. g4 Nc5 20. g5 Ne8 21. d4 exd4 22. Nxd4 Nc7 23. Rhe1 Rde8 24. exd5 cxd5 25. f6 gxf6 26. Qxf6 Qxf6 27. gxf6 Ref8 28. Bxd5 Nxd5 29. Re5 Rxf6 30. Rxd5 Nb7 31. h4 Bg4 32. Re1 Rg8 33. b3 Rd8 34. Rxd8+ Kxd8 35. Ne4 Rf4 36. Nc6+ Kc7 37. Ne7 Rf7 38. Nd5+ Kc6 39. Ne3 Be6 40. Ng5 Re7 41. Nf5 Bxf5 42. Rxe7 Nd6 43. Rg7 Bg4 44. Nf7 Nf5 45. Rg5 Nxh4 46. Nh6 Be2 47. Re5 Bf3 48. Nf5 Nxf5 49. Rxf5 Bg4 50. Rxa5 h4 51. Rg5 Bd7 52. Rg8 h3 53. Rh8 Kd6 54. c3 bxc3 55. Kc2 Ke5 56. Kxc3 Kf4 57. a5 Kg3 58. Kb4 Bc6 59. Kc5 Bf3 60. b4 h2 61. b5 Bg2 62. Rxh2 Kxh2 63. a6 Kg3 64. b6 Kf4 65. b7 Bxb7 66. axb7 Ke4 67. b8=Q Kd3 68. Qd6+ Kc2 69. Qd4 Kc1 70. Qf2 Kb1 71. Kc4 Kc1 72. Kc3 Kb1 73. Qb2# 1-0


[Site "https://www.chess.com"]

[Event "Titled Tuesday Blitz March 07 Late 2023"]
[White "Ezat, Mohamed"]
[Black "Dylag, Emilia"]
[WhiteFideId "10600906"]
[BlackFideId "21805172"]
[WhiteElo "2386"]
[BlackElo "1878"]
[Result "1-0"]
[Round "07"]
[TimeControl "180+2"]
[Date "2023.03.07"]
[WhiteClock "0:02:08"]
[BlackClock "0:01:48"]

1. d4 Nf6 2. c4 e6 3. Nc3 Bb4 4. e3 O-O 5. a3 Bxc3+ 6. bxc3 d5 7. cxd5 exd5 8. Bd3 c5 9. f3 b6 10. Ne2 Ba6 11. Bxa6 Nxa6 12. O-O Re8 13. Ng3 Rc8 14. Ra2 Qd7 15. Raf2 cxd4 16. cxd4 Rc4 17. Qd3 Nb8 18. e4 Nc6 19. Bb2 Rxd4 20. Bxd4 dxe4 21. Nxe4 Nxd4 22. Nxf6+ gxf6 23. Qd1 1-0


[Site "https://www.chess.com"]

[Event "Titled Tuesday Blitz March 07 Late 2023"]
[White "Ramirez, Maria Eugenia"]
[Black "Wartiovaara, Oliver"]
[WhiteFideId "3301680"]
[BlackFideId "513024"]
[WhiteElo "1842"]
[BlackElo "2214"]
[Result "0-1"]
[Round "07"]
[TimeControl "180+2"]
[Date "2023.03.07"]
[WhiteClock "0:00:01"]
[BlackClock "0:00:06"]

1. e4 d5 2. exd5 Qxd5 3. Nc3 Qf5 4. Nf3 Nf6 5. d4 Ne4 6. Qd3 Nxc3 7. bxc3 Qxd3 8. Bxd3 g6 9. O-O Bg7 10. Ba3 Nc6 11. Rfe1 Bf6 12. Rab1 b6 13. Bb5 Bd7 14. d5 Na5 15. Bxd7+ Kxd7 16. Bb4 Nc4 17. Re4 Nd6 18. Bxd6 cxd6 19. c4 Rhc8 20. g4 Rc5 21. g5 Bg7 22. Rh4 Rh8 23. Re1 h5 24. Rhe4 Re8 25. Nd2 Bc3 26. R1e2 e5 27. Nb3 Rc7 28. f4 Rec8 29. fxe5 Bxe5 30. Nd2 b5 31. Rf2 Ke8 32. cxb5 Rxc2 33. Nf3 Rxf2 34. Kxf2 Rc2+ 35. Ke3 Rxa2 36. Nxe5 dxe5 37. Rxe5+ Kd7 38. Kd4 Rxh2 39. Re3 Rg2 40. Rf3 Ke7 41. Re3+ Kf8 42. Kc5 Rxg5 43. Kc6 Rg1 44. d6 Rc1+ 45. Kd7 Rd1 46. Re8+ Kg7 47. Ke7 h4 48. d7 g5 49. d8=Q Rxd8 50. Rxd8 h3 51. Rd3 g4 52. Ra3 h2 53. Ra1 g3 54. Rxa7 h1=Q 55. Rd7 Qe1+ 56. Kd8 g2 57. b6 g1=Q 58. b7 Qa5+ 59. Kc8 Qc1+ 60. Kb8 Qf4+ 61. Kc8 Qc4+ 62. Kb8 Qca6 63. Kc8 Qc5+ 64. Rc7 Qf8+ 0-1


[Site "https://www.chess.com"]

[Event "Titled Tuesday Blitz March 07 Late 2023"]
[White "Djordjevic, Dejan N"]
[Black "Dudzinski, Pawel"]
[WhiteFideId "913316"]
[BlackFideId "1117890"]
[WhiteElo "2261"]
[BlackElo "2099"]
[Result "0-1"]
[Round "07"]
[TimeControl "180+2"]
[Date "2023.03.07"]
[WhiteClock "0:00:01"]
[BlackClock "0:00:06"]

1. e4 c6 2. d4 d5 3. Nd2 dxe4 4. Nxe4 Nf6 5. Ng3 h5 6. h4 g6 7. Nf3 Bg7 8. Bg5 Bg4 9. Be2 Qb6 10. O-O Nbd7 11. b3 c5 12. d5 Nh7 13. Be3 Bxa1 14. Qxa1 O-O-O 15. c4 Qf6 16. Qc1 Bxf3 17. Bxf3 Qxh4 18. Qa3 Kb8 19. Bxc5 Nxc5 20. Qxc5 Rd7 21. Re1 Rc8 22. Qb4 Ng5 23. Be4 Nxe4 24. Rxe4 Qf6 25. a4 h4 26. Nf1 g5 27. Qe1 Rcc7 28. Qe3 Qg7 29. Re5 f6 30. Rf5 Qg6 31. Qe4 b6 32. Ne3 a5 33. Qd4 Ka7 34. Kh2 e6 35. Rxf6 Qg8 36. Kh3 Rb7 37. c5 exd5 38. cxb6+ Ka8 39. Qc5 Qb8 40. Rf8 Rd8 41. Qxa5+ Ra7 42. Rxd8 Rxa5 43. Rxb8+ Kxb8 44. b4 Rxa4 45. Nxd5 Kb7 46. f4 gxf4 47. Kxh4 Ra2 48. Kh3 Rd2 49. Nxf4 Rd4 50. g3 Rxb4 51. Kg2 Rxb6 0-1


[Site "https://www.chess.com"]

[Event "Titled Tuesday Blitz March 07 Late 2023"]
[White "Ricaurte Lopez, Juan Carlos"]
[Black "Poeta, Caio Medeiros"]
[WhiteFideId "3600327"]
[BlackFideId "2142660"]
[WhiteElo "2209"]
[BlackElo "2191"]
[Result "0-1"]
[Round "07"]
[TimeControl "180+2"]
[Date "2023.03.07"]
[WhiteClock "0:01:50"]
[BlackClock "0:02:10"]

1. e4 c6 2. d4 d5 3. exd5 cxd5 4. c4 Nf6 5. Nc3 g6 6. Bg5 Be6 7. c5 Bg7 8. Nf3 O-O 9. h3 Nc6 10. Bb5 a6 11. Bxc6 bxc6 12. O-O Ne4 13. Bf4 Qd7 14. Re1 Nxc3 15. bxc3 Rfe8 16. Ne5 Qc8 17. Qa4 Bd7 18. Re3 f6 19. Nxd7 Qxd7 20. Rae1 e6 21. Bd6 Kf7 22. c4 Bf8 23. cxd5 exd5 24. Rxe8 Rxe8 25. Re2 Rxe2 0-1


[Site "https://www.chess.com"]

[Event "Titled Tuesday Blitz March 07 Late 2023"]
[White "Vargas Pereda, Jesus Manue"]
[Black "Womacka, Mathias"]
[WhiteFideId "5115710"]
[BlackFideId "4611390"]
[WhiteElo "1914"]
[BlackElo "2377"]
[Result "0-1"]
[Round "07"]
[TimeControl "180+2"]
[Date "2023.03.07"]
[WhiteClock "0:00:37"]
[BlackClock "0:00:44"]

1. Nf3 c5 2. c4 Nf6 3. g3 b6 4. Bg2 Bb7 5. O-O e6 6. d3 d5 7. Qc2 Be7 8. cxd5 exd5 9. Nc3 O-O 10. Bf4 Nc6 11. a3 d4 12. Na2 Nd5 13. Bd2 Re8 14. Rfe1 Rc8 15. e4 dxe3 16. fxe3 Bf6 17. Rad1 Qd7 18. Kh1 Rcd8 19. Bc1 g6 20. Qb1 Nc7 21. b4 cxb4 22. Nxb4 Ne5 23. Nxe5 Bxg2+ 24. Kxg2 Bxe5 25. d4 Bg7 26. Qb3 Ne6 27. Bb2 Ng5 28. Qc4 Qh3+ 29. Kf2 Qxh2+ 30. Kf1 Ne4 31. Re2 Qh1# 0-1


[Site "https://www.chess.com"]

[Event "Titled Tuesday Blitz March 07 Late 2023"]
[White "Karttunen, Mika"]
[Black "Yeritsyan, Hayk"]
[WhiteFideId "502081"]
[BlackFideId "13307320"]
[WhiteElo "2396"]
[BlackElo "2444"]
[Result "0-1"]
[Round "07"]
[TimeControl "180+2"]
[Date "2023.03.07"]
[WhiteClock "0:00:02"]
[BlackClock "0:00:11"]

1. c4 c6 2. Nf3 d5 3. e3 Nf6 4. b3 Bf5 5. Bb2 e6 6. Nc3 h6 7. Ne5 Nbd7 8. g4 Nxe5 9. gxf5 dxc4 10. fxe6 Nd3+ 11. Bxd3 cxd3 12. exf7+ Kxf7 13. Qf3 Be7 14. Rg1 Rf8 15. Qg2 g5 16. O-O-O Nd5 17. Ne4 Qa5 18. Qf3+ Kg6 19. Qg4 Qxa2 20. Qe6+ Rf6 21. Qe5 Qxb3 22. Rxg5+ hxg5 23. Qxg5+ Kf7 24. Qh5+ Ke6 25. Qe5+ Kf7 26. Qh5+ Rg6 27. Qf5+ Bf6 28. Qd7+ Ne7 29. Nd6+ Kg7 30. Qxe7+ Kh6 31. Nf7+ Kh5 32. Qc5+ Rg5 0-1


[Site "https://www.chess.com"]

[Event "Titled Tuesday Blitz March 07 Late 2023"]
[White "Gatterer, Florian"]
[Black "Klose, Eli"]
[WhiteFideId "811688"]
[BlackFideId "16242955"]
[WhiteElo "2221"]
[BlackElo "2529"]
[Result "1/2-1/2"]
[Round "07"]
[TimeControl "180+2"]
[Date "2023.03.07"]
[WhiteClock "0:00:19"]
[BlackClock "0:00:08"]

1. b3 e5 2. Bb2 Nc6 3. e3 Nf6 4. Nf3 d6 5. d4 exd4 6. Nxd4 Nxd4 7. Qxd4 Be7 8. Nc3 Be6 9. O-O-O a6 10. Be2 O-O 11. g4 c5 12. Qf4 b5 13. Bf3 Rc8 14. g5 Nd7 15. h4 Ne5 16. Nd5 Nxf3 17. Qxf3 Re8 18. Nxe7+ Qxe7 19. h5 c4 20. Kb1 c3 21. Ba3 Qxg5 22. Rhg1 Qf5 23. Qxf5 Bxf5 24. Bxd6 f6 25. h6 g5 26. Bb4 Kf7 27. Rd4 Rc6 28. Rgd1 Kg6 29. Rd6 Rec8 30. Rxc6 Rxc6 31. Rd6 Rxd6 32. Bxd6 Kxh6 33. Bb4 Kh5 34. Bxc3 Kg4 35. Bxf6 h5 36. f3+ Kxf3 37. Bxg5 Kg4 38. Bf6 h4 39. Kb2 h3 40. Be5 Kf3 41. Bf4 Kg2 42. c3 h2 43. Bxh2 Kxh2 44. a4 bxa4 45. bxa4 Kg3 46. e4 Bxe4 47. c4 Kf4 48. c5 Ke5 49. a5 Kd5 50. c6 Kxc6 51. Ka1 Kb5 52. Kb2 Ba8 53. Ka1 Kxa5 54. Kb2 Kb6 55. Ka1 Kc7 56. Kb2 Kc6 57. Ka1 Kc5 58. Kb2 Kc4 59. Ka1 Kc3 60. Ka2 Kc2 61. Ka1 Kb3 62. Kb1 Ka3 63. Ka1 Bb7 64. Kb1 Be4+ 65. Ka1 Bc6 66. Kb1 Kb4 67. Kb2 Kc4 68. Ka1 Kd4 69. Ka2 Ke4 70. Ka1 Ke3 71. Ka2 Ke2 72. Ka1 Kd1 73. Ka2 a5 74. Ka1 Be4 75. Ka2 Kc1 76. Ka1 Bd5 1/2-1/2


[Site "https://www.chess.com"]

[Event "Titled Tuesday Blitz March 07 Late 2023"]
[White "Nunez V, Gustavo Eduardo"]
[Black "Moral Garcia, Serafin"]
[WhiteFideId "4403690"]
[BlackFideId "2201925"]
[WhiteElo "2228"]
[BlackElo "2254"]
[Result "1-0"]
[Round "07"]
[TimeControl "180+2"]
[Date "2023.03.07"]
[WhiteClock "0:01:08"]
[BlackClock "0:00:40"]

1. e4 c5 2. Nc3 e6 3. g3 Nc6 4. Bg2 Nf6 5. Nge2 d5 6. O-O d4 7. Nb1 b6 8. d3 Bb7 9. h3 Be7 10. f4 O-O 11. Nd2 Ne8 12. e5 Nc7 13. Ne4 Nd5 14. a3 Qd7 15. Bd2 f5 16. exf6 gxf6 17. g4 f5 18. Nf2 Kh8 19. g5 e5 20. h4 Ne3 21. Bxe3 dxe3 22. Nh3 Nd4 23. fxe5 Bxg2 24. Kxg2 Qd5+ 25. Kg1 Qxe5 26. Nhf4 Bd6 27. c3 Nxe2+ 28. Qxe2 Rae8 29. Rae1 Rg8 30. Qh5 Qg7 31. Kh1 Bxf4 32. Rxf4 Re5 33. Qf3 Rge8 34. Rxf5 Qe7 35. Rf7 Qe6 36. Rf6 Qd5 37. Rxe3 Rxe3 38. Qxd5 1-0


[Site "https://www.chess.com"]

[Event "Titled Tuesday Blitz March 07 Late 2023"]
[White "Molenda, Marcin"]
[Black "Figorito, Nick"]
[WhiteFideId "1173065"]
[BlackFideId "30923689"]
[WhiteElo "2286"]
[BlackElo "2383"]
[Result "0-1"]
[Round "07"]
[TimeControl "180+2"]
[Date "2023.03.07"]
[WhiteClock "0:00:02"]
[BlackClock "0:00:22"]

1. e4 e6 2. b3 d5 3. Nc3 Nf6 4. e5 Nfd7 5. Nf3 c5 6. Bb2 Nc6 7. Qe2 Qc7 8. Nb5 Qb8 9. Nd6+ Bxd6 10. exd6 O-O 11. d4 Qxd6 12. dxc5 Nxc5 13. O-O-O a5 14. Nd4 Nxd4 15. Rxd4 a4 16. Rg4 f6 17. Rh4 axb3 18. axb3 e5 19. Qh5 h6 20. Qg6 Kh8 21. Be2 Be6 22. Rd1 Bf7 23. Qg3 Rfc8 24. Kb1 Ne4 25. Rxe4 Qc6 26. Rd2 dxe4 27. f4 exf4 28. Qxf4 Bg6 29. Bc4 Rd8 30. Re2 Rd1+ 31. Bc1 b5 0-1


[Site "https://www.chess.com"]

[Event "Titled Tuesday Blitz March 07 Late 2023"]
[White "Jovic, Stanoje"]
[Black "Graif, William"]
[WhiteFideId "905020"]
[BlackFideId "2609835"]
[WhiteElo "2236"]
[BlackElo "2205"]
[Result "1-0"]
[Round "07"]
[TimeControl "180+2"]
[Date "2023.03.07"]
[WhiteClock "0:01:51"]
[BlackClock "0:00:33"]

1. c4 a6 2. e4 e5 3. Nf3 Nc6 4. Nc3 Bc5 5. Nxe5 Nf6 6. Nf3 Qe7 7. d4 Nxe4 8. Be3 Bb4 9. Rc1 d6 10. Bd3 Bf5 11. O-O O-O 12. Nd5 Qd7 13. a3 Ba5 14. b4 Bb6 15. Qc2 Rae8 16. Nxb6 cxb6 17. Nh4 d5 18. cxd5 Qxd5 19. Nxf5 Qxf5 20. f3 1-0


[Site "https://www.chess.com"]

[Event "Titled Tuesday Blitz March 07 Late 2023"]
[White "Goltseva, Ekaterina"]
[Black "Romero Ruscalleda, Josep"]
[WhiteFideId "24173770"]
[BlackFideId "2231859"]
[WhiteElo "2200"]
[BlackElo "2183"]
[Result "1-0"]
[Round "07"]
[TimeControl "180+2"]
[Date "2023.03.07"]
[WhiteClock "0:00:28"]
[BlackClock "0:00:30"]

1. e3 g6 2. c4 Bg7 3. Nc3 d6 4. Nf3 c5 5. d4 cxd4 6. exd4 Nf6 7. Be2 O-O 8. O-O Nc6 9. b3 Bf5 10. Bb2 Ne4 11. Re1 Nxc3 12. Bxc3 Rc8 13. Rc1 Re8 14. Qd2 e5 15. d5 Ne7 16. b4 Bg4 17. c5 Bxf3 18. Bxf3 Nf5 19. c6 Qb6 20. a4 Nd4 21. Bxd4 exd4 22. b5 Kf8 23. g3 a6 24. a5 Qxb5 25. Rb1 Rxe1+ 26. Qxe1 Qd3 27. cxb7 Rb8 28. Be2 Qe4 29. Bxa6 Qxd5 30. Rc1 Be5 31. Rc8+ Kg7 32. Rxb8 d3 33. Bxd3 Qxd3 34. Rc8 1-0


[Site "https://www.chess.com"]

[Event "Titled Tuesday Blitz March 07 Late 2023"]
[White "mohsengabr2002"]
[Black "Liu, Eric"]
[BlackFideId "30960240"]
[WhiteElo "2319"]
[BlackElo "2094"]
[Result "1-0"]
[Round "07"]
[TimeControl "180+2"]
[Date "2023.03.07"]
[WhiteClock "0:00:03"]
[BlackClock "0:00:01"]

1. b3 b6 2. a4 Bb7 3. a5 h5 4. Bb2 h4 5. h3 Nf6 6. e3 e6 7. a6 Bc8 8. Nf3 d5 9. Nc3 Be7 10. Ne5 Nfd7 11. Nxd7 Bxd7 12. Be2 O-O 13. O-O c5 14. Bf3 Nc6 15. d4 cxd4 16. exd4 Rc8 17. Ne2 Bd6 18. c4 Bb8 19. cxd5 Qc7 20. Re1 exd5 21. Bxd5 Qh2+ 22. Kf1 Rfe8 23. Ng1 Rxe1+ 24. Qxe1 Re8 25. Qd2 Qh1 26. f4 Ne7 27. Bf3 Nf5 28. Kf2 g5 29. Ne2 Qh2 30. d5 Rxe2+ 31. Kxe2 Ng3+ 32. Kd1 Bxf4 33. Qd4 Qh1+ 34. Kc2 Bf5+ 35. Kc3 Qh2 36. Kc4 b5+ 37. Kxb5 Bd7+ 38. Kc5 Bd6+ 39. Kc4 Kf8 40. Re1 Be6 41. dxe6 Nf5 42. Qh8+ Ke7 43. exf7+ Kd7 44. Qe8+ Kc7 45. Qc6+ Kd8 46. Re8# 1-0


[Site "https://www.chess.com"]

[Event "Titled Tuesday Blitz March 07 Late 2023"]
[White "Avalos Parra, Joao"]
[Black "Kalajzic, Ivan"]
[WhiteFideId "3402541"]
[BlackFideId "14506378"]
[WhiteElo "2173"]
[BlackElo "2203"]
[Result "1-0"]
[Round "07"]
[TimeControl "180+2"]
[Date "2023.03.07"]
[WhiteClock "0:00:21"]
[BlackClock "0:00:05"]

1. d4 Nc6 2. d5 Ne5 3. Qd4 d6 4. e4 c5 5. Qe3 e6 6. Nc3 Nf6 7. h3 Be7 8. f4 Ng6 9. Bb5+ Bd7 10. dxe6 fxe6 11. Bc4 O-O 12. Nf3 b5 13. Bxb5 Bxb5 14. Nxb5 d5 15. exd5 exd5 16. O-O Ne4 17. Nc3 Nxf4 18. Nxe4 dxe4 19. Qxe4 Bd6 20. Rd1 Qf6 21. Bxf4 Bxf4 22. c3 Rae8 23. Qd5+ Kh8 24. Re1 Rd8 25. Qxc5 Bg3 26. Re2 Qg6 27. Qg5 Qb6+ 28. Qe3 Qd6 29. Qe6 Qf4 30. Rf1 h6 31. Qe4 Qc7 32. Qg4 Rf6 33. Nd4 Rdf8 34. Rxf6 Rxf6 35. Re8+ Kh7 36. Qe4+ Rg6 37. Re6 Bh2+ 38. Kh1 Qg3 39. Qxg6+ Qxg6 40. Rxg6 Kxg6 41. Kxh2 Kf6 42. Kg3 Ke5 43. Kf3 Kd5 44. Ke3 Kc4 45. Kd2 1-0


[Site "https://www.chess.com"]

[Event "Titled Tuesday Blitz March 07 Late 2023"]
[White "Prydun, Andriy"]
[Black "Ardila, Oscar Humberto"]
[WhiteFideId "14145898"]
[BlackFideId "4404742"]
[WhiteElo "2164"]
[BlackElo "1911"]
[Result "1-0"]
[Round "07"]
[TimeControl "180+2"]
[Date "2023.03.07"]
[WhiteClock "0:00:07"]
[BlackClock "0:00:05"]

1. e4 e5 2. Nf3 Nf6 3. Nxe5 d6 4. Nd3 Nxe4 5. Nf4 Be7 6. Nc3 Nf6 7. Bc4 O-O 8. O-O Bg4 9. f3 Bf5 10. d4 Nbd7 11. g4 Bg6 12. h4 Nb6 13. Bb3 c5 14. h5 Bxh5 15. g5 Bg6 16. gxf6 Bxf6 17. Ncd5 Bxd4+ 18. Be3 Qg5+ 19. Ng2 Nxd5 20. Qxd4 Nxe3 21. Qxe3 Qf6 22. c3 Rae8 23. Qd2 Re5 24. Rad1 Rd8 25. Bd5 Rh5 26. Bxb7 Bf5 27. Be4 Bh3 28. f4 Bxg2 29. Qxg2 Qh6 30. Rd5 Rh4 31. Rg5 Qf6 32. Rf5 Qh6 33. Bd5 Rf8 34. Qg5 Rh1+ 35. Bxh1 Qh3 36. Qg2 Qe3+ 37. Qf2 Qh3 38. Rg5 h6 39. Rg3 Qf5 40. c4 Re8 41. Bd5 Qf6 42. Qg2 Kf8 43. Ra3 Qd4+ 44. Qf2 Qf6 45. Rxa7 Re7 46. Rxe7 Qxe7 47. a4 Qf6 48. a5 Qd8 49. a6 g6 50. a7 Kg7 51. a8=Q 1-0


[Site "https://www.chess.com"]

[Event "Titled Tuesday Blitz March 07 Late 2023"]
[White "Needleman, Alejandro"]
[Black "Perske, Thore"]
[WhiteFideId "100730"]
[BlackFideId "12902195"]
[WhiteElo "2230"]
[BlackElo "2336"]
[Result "0-1"]
[Round "07"]
[TimeControl "180+2"]
[Date "2023.03.07"]
[WhiteClock "0:01:06"]
[BlackClock "0:01:34"]

1. e4 e6 2. d4 d5 3. exd5 exd5 4. Nf3 Nc6 5. Bd3 Bg4 6. c3 Bd6 7. O-O Nge7 8. Bg5 f6 9. Bh4 Qd7 10. Nbd2 O-O-O 11. b4 Rde8 12. b5 Nd8 13. Qa4 Kb8 14. Bg3 Bxg3 15. fxg3 Bf5 16. Qc2 Bxd3 17. Qxd3 Qf5 18. Qxf5 Nxf5 19. Rfe1 Nf7 20. Kf2 h5 21. a4 Kc8 22. a5 b6 23. axb6 axb6 24. c4 dxc4 25. Nxc4 N7d6 26. Ra8+ Kd7 27. Raxe8 Rxe8 28. Nxd6 Nxd6 29. Rxe8 Kxe8 30. d5 Nxb5 31. Nd4 Nxd4 0-1


[Site "https://www.chess.com"]

[Event "Titled Tuesday Blitz March 07 Late 2023"]
[White "Kujawski, Adam"]
[Black "Shapiro, Viktor"]
[WhiteFideId "1100920"]
[BlackFideId "4175700"]
[WhiteElo "2054"]
[BlackElo "2152"]
[Result "0-1"]
[Round "07"]
[TimeControl "180+2"]
[Date "2023.03.07"]
[WhiteClock "0:00:04"]
[BlackClock "0:00:38"]

1. e4 c5 2. Nf3 d6 3. d4 cxd4 4. Nxd4 Nf6 5. Nc3 a6 6. Bg5 e6 7. f4 Be7 8. Qf3 Qc7 9. O-O-O b5 10. e5 Bb7 11. Qg3 dxe5 12. fxe5 Nd5 13. Bxe7 Qxe7 14. Qxg7 Rf8 15. Ne4 Nc6 16. Nd6+ Kd8 17. Nxb7+ Kc7 18. Nxc6 Kxc6 19. Na5+ Kb6 20. Nb3 Rg8 21. Qxh7 Qg5+ 22. Kb1 Rg7 23. Qd3 Qxe5 24. Qd4+ Qxd4 25. Nxd4 Rh8 26. Re1 Rg4 27. Nf3 Nf4 28. g3 Nd5 29. Bd3 a5 30. a3 b4 31. Ref1 Rg7 32. Ne5 f6 33. Nc4+ Kc5 34. Nxa5 bxa3 35. Nb3+ Kd6 36. bxa3 Rb8 37. Kb2 Ra7 38. h4 Rg8 39. Rfg1 Rag7 40. h5 f5 41. h6 Rc7 42. g4 fxg4 43. h7 Rh8 44. Rxg4 Nf6 45. Rg6 Rf7 46. Rf1 Ke7 47. Rfxf6 Rxf6 48. Rxf6 Kxf6 49. a4 Ke5 50. a5 Kd6 51. Kc3 e5 52. Nd2 Kc5 53. a6 Kb6 54. Ne4 Rxh7 55. Kd2 Rh2+ 56. Ke3 Rh3+ 57. Ke2 Rh8 58. Nd6 Rd8 59. Nf7 Re8 60. Ke3 e4 61. Be2 Rc8 0-1


[Site "https://www.chess.com"]

[Event "Titled Tuesday Blitz March 07 Late 2023"]
[White "Szente Varga, Fruzsina"]
[Black "Romkachess"]
[WhiteFideId "712264"]
[WhiteElo "1994"]
[BlackElo "2486"]
[Result "1-0"]
[Round "07"]
[TimeControl "180+2"]
[Date "2023.03.07"]
[WhiteClock "0:00:49"]
[BlackClock "0:00:02"]

1. e4 c5 2. Nf3 d6 3. d4 cxd4 4. Qxd4 Nf6 5. Bb5+ Bd7 6. Bxd7+ Qxd7 7. c4 Nc6 8. Qd3 g6 9. O-O Bg7 10. Nc3 O-O 11. h3 Rac8 12. Be3 Nb4 13. Qe2 Qe6 14. Nd2 Nc2 15. Rac1 Nxe3 16. Qxe3 a6 17. b3 Qe5 18. f4 Qc5 19. Qxc5 Rxc5 20. Rfe1 Nh5 21. Nd5 e6 22. b4 Rcc8 23. Ne7+ Kh8 24. Nxc8 Rxc8 25. f5 Bd4+ 26. Kh2 Be5+ 27. Kh1 gxf5 28. exf5 Ng3+ 29. Kg1 Nxf5 30. Nf3 Bf4 31. Rc3 Bg3 32. Rd1 h6 33. Nd4 Nxd4 34. Rxd4 Be5 35. Rcd3 Bxd4+ 36. Rxd4 Rc6 37. Kf2 Kg7 38. Kf3 Kf6 39. Ke4 b5 40. cxb5 axb5 41. Kd3 Ra6 42. Rh4 Ra3+ 43. Kd4 Kg5 44. Rg4+ Kf5 45. Rh4 Kg6 46. Rg4+ Kh7 47. Rh4 Rxa2 48. Rh5 Rd2+ 49. Kc3 Rxg2 50. Rxb5 Rg3+ 51. Kd4 Rxh3 52. Rb7 Kg6 53. b5 Rb3 54. Kc4 Rb1 55. Rd7 d5+ 56. Kc5 f6 57. b6 Kf5 58. b7 Rc1+ 59. Kb6 Rb1+ 60. Ka7 Ke4 61. b8=Q Rxb8 62. Kxb8 d4 63. Kc7 e5 64. Kc6 Ke3 65. Kc5 d3 66. Kc4 e4 67. Kc3 f5 68. Rh7 1-0


[Site "https://www.chess.com"]

[Event "Titled Tuesday Blitz March 07 Late 2023"]
[White "Balague Camps, Marc"]
[Black "Estrada Nieto, Julian"]
[WhiteFideId "2297914"]
[BlackFideId "5101018"]
[WhiteElo "2089"]
[BlackElo "2176"]
[Result "1-0"]
[Round "07"]
[TimeControl "180+2"]
[Date "2023.03.07"]
[WhiteClock "0:01:12"]
[BlackClock "0:00:03"]

1. d4 d5 2. c4 dxc4 3. e3 Nf6 4. Bxc4 e6 5. Nf3 c5 6. O-O a6 7. b3 Nc6 8. Bb2 cxd4 9. Nxd4 Bd7 10. Nc3 Nxd4 11. Qxd4 Bc6 12. Qxd8+ Rxd8 13. Rad1 Be7 14. Rxd8+ Kxd8 15. Rd1+ Kc8 16. f3 b5 17. Be2 Bc5 18. Kf2 Kb7 19. Nb1 Nd5 20. Bd4 Bxd4 21. Rxd4 e5 22. Rd2 f5 23. a4 Kb6 24. axb5 axb5 25. Na3 Nc3 26. Rc2 Nxe2 27. Kxe2 Ra8 28. Nb1 b4 29. Kf2 Bb5 30. Nd2 Ra3 31. f4 e4 32. g4 Bd3 33. Nc4+ Bxc4 34. Rxc4 Rxb3 35. gxf5 Kb5 36. Rxe4 Rb2+ 37. Kg3 b3 38. Re7 Re2 39. Kf3 Rxh2 40. Rxg7 Kc4 41. f6 Rh6 42. f7 Rf6 43. Rxh7 b2 44. Rh1 Rxf7 45. e4 Kc3 46. e5 Rh7 47. Re1 Kd2 48. Re2+ Kc3 49. Re1 Kd2 50. Re2+ Kc3 51. Rxb2 Kxb2 52. Ke4 Kc3 53. Kd5 Kd3 54. f5 Ke3 55. f6 Kf4 56. e6 Kf5 57. f7 Rh8 58. e7 Kf6 59. f8=Q+ 1-0


[Site "https://www.chess.com"]

[Event "Titled Tuesday Blitz March 07 Late 2023"]
[White "Becerra, Juan David"]
[Black "Needleman, Gaston"]
[WhiteFideId "4404998"]
[BlackFideId "113735"]
[WhiteElo "2282"]
[BlackElo "2339"]
[Result "1/2-1/2"]
[Round "07"]
[TimeControl "180+2"]
[Date "2023.03.07"]
[WhiteClock "0:00:08"]
[BlackClock "0:00:09"]

1. e4 e6 2. d4 d5 3. exd5 exd5 4. c4 c6 5. Nf3 Nf6 6. Nc3 Bb4 7. Bd3 O-O 8. O-O Bg4 9. Be3 Nbd7 10. a3 Bxc3 11. bxc3 dxc4 12. Bxc4 Nb6 13. Be2 Nbd5 14. Bd2 Ne4 15. Qc2 Nxd2 16. Qxd2 Qd6 17. h3 Bxf3 18. Bxf3 Nf4 19. Rfe1 Qh6 20. Rad1 Rfe8 21. Kh2 g5 22. Rxe8+ Rxe8 23. Re1 Re6 24. c4 Rf6 25. Re8+ Kg7 26. d5 Nxh3 27. Qb4 Nxf2+ 28. Kg1 g4 29. Qf8+ Kg6 30. Qxh6+ Kxh6 31. dxc6 bxc6 32. Be2 g3 33. Re3 Rg6 34. Bf3 Kg7 35. Re5 Rh6 36. Rg5+ Kf6 37. Rxg3 Nd3 38. Bxc6 Ne5 39. Bd5 Rh4 40. Rc3 Rd4 41. Rc1 Rd2 42. Kh2 Kg5 43. Kh3 Ng4 44. Kg3 f5 45. Bf3 f4+ 46. Kh3 Rd6 47. g3 Rh6+ 48. Kg2 Ne3+ 49. Kg1 fxg3 50. c5 Kf4 51. c6 Kxf3 52. c7 Rh2 53. c8=Q Rg2+ 54. Kh1 Rh2+ 55. Kg1 Rg2+ 56. Kh1 Rh2+ 57. Kg1 1/2-1/2


[Site "https://www.chess.com"]

[Event "Titled Tuesday Blitz March 07 Late 2023"]
[White "Quinones Garcia, Santiago"]
[Black "Ansh M Shah"]
[WhiteFideId "4408497"]
[BlackFideId "25033379"]
[WhiteElo "2263"]
[BlackElo "2084"]
[Result "0-1"]
[Round "07"]
[TimeControl "180+2"]
[Date "2023.03.07"]
[WhiteClock "0:01:19"]
[BlackClock "0:00:11"]

1. d4 Nf6 2. c4 e6 3. Nc3 d5 4. Bg5 Be7 5. cxd5 exd5 6. e3 O-O 7. Bd3 c6 8. Nf3 Re8 9. O-O Nbd7 10. a3 h6 11. Bh4 Ne4 12. Bxe7 Qxe7 13. Qc2 Ndf6 14. b4 Bd7 15. Ne5 a5 16. b5 Nxc3 17. Qxc3 cxb5 18. Qc7 Bc6 19. Qb6 Ra6 20. Nxc6 Rxb6 21. Nxe7+ Rxe7 22. Rfc1 g6 23. Rc5 b4 24. Rxa5 b3 25. Rb1 Rc7 26. Rb5 Rxb5 27. Bxb5 Ne4 28. g3 Nd2 29. Rd1 Rc2 30. Bd3 Ra2 31. Kg2 Nc4 32. Rb1 Rxa3 33. e4 Nd2 34. Rb2 dxe4 35. Be2 Ra2 36. Rxb3 Nxb3 37. Bc4 Rb2 38. d5 Nc5 39. d6 Rd2 40. h4 Rxd6 41. Bb5 Kg7 42. Bc4 h5 0-1


[Site "https://www.chess.com"]

[Event "Titled Tuesday Blitz March 07 Late 2023"]
[White "Paspuel, Trosky"]
[Black "Mazurkiewicz, Michal"]
[WhiteFideId "3602150"]
[BlackFideId "1124943"]
[WhiteElo "2331"]
[BlackElo "2054"]
[Result "0-1"]
[Round "07"]
[TimeControl "180+2"]
[Date "2023.03.07"]
[WhiteClock "0:00:08"]
[BlackClock "0:01:57"]

1. c4 Nf6 2. Nc3 g6 3. e4 d6 4. d4 Bg7 5. Be2 O-O 6. Bg5 c5 7. d5 h6 8. Be3 e6 9. Qd2 exd5 10. exd5 Kh7 11. h4 Ng4 12. Bxg4 Bxg4 13. f3 Bc8 14. h5 g5 15. g4 Nd7 16. Nh3 Ne5 17. O-O f5 18. Nxg5+ hxg5 19. Bxg5 Bf6 20. Bf4 Rg8 21. Kf2 fxg4 22. Qc2+ Kh8 23. Bxe5 Bxe5 24. Ne4 gxf3 25. Rg1 Bd4+ 26. Kxf3 0-1


[Site "https://www.chess.com"]